woodfighter, chaotic female elven Ranger --------- |.......| |.......| ----- |..._...| |... |.......| -------- --..--------- | |.......| | -.......-- --..@|.......| |. ----|----I.| -.........---.@AA|...@...| |.............| ........%.%A...@AA.@.@...| ---.....)...--- -.........---J..)|A......| -----|----- --...%...-- --.@.|.......| -.......-- ----%---- --A.--------- --------.........--------...| |.... ......|...........|.........| ------ -..%--...%%))..--...------- |....--...I...--....| ---...----%----...--- |....%..........| ----------------- woodfighter the Markswoman Experience level: 30 Strength: 25 Dexterity: 19 Constitution: 15 Intelligence: 23 Wisdom: 22 Charisma: 14 Health: 166(183) Energy: 229(229) Def: 57 Gold: 0 Moves: 36687 Dungeon seed: EtQNoA4vzBnd9MgX Game ID: woodfighter_1557510315 Your Inventory: Amulets K - a blessed rustproof amulet of flying (being worn) Weapons a - the blessed +6 Longbow of Diana (weapon in hand) L - 70 blessed fireproof +7 elven arrows (in quiver) O - a blessed rustproof +6 dagger named Dagger of Virtue (alternate weapon; not wielded) Armor m - a blessed +5 T-shirt (being worn) n - a blessed fireproof +4 pair of speed boots (being worn) r - a blessed +4 gray dragon scale mail (being worn) z - a blessed rustproof +4 helm of brilliance (being worn) B - a blessed greased fireproof +4 cloak of protection (being worn) D - a blessed rustproof +4 pair of gauntlets of power (being worn) P - a blessed +4 shield of reflection (being worn) Comestibles Z - a blessed lizard corpse Rings x - a blessed ring of regeneration (on left hand) C - a blessed greased ring of free action (on right hand) Wands d - a cursed wand of fire (0:3) f - a blessed wand of digging (0:3) g - a wand of teleportation (0:7) h - a cursed wand of death (1:0) Tools b - a cursed stethoscope q - a +0 unicorn horn s - a blessed bag of holding w - an uncursed magic whistle y - a blessed skeleton key J - the blessed rustproof Master Key of Thievery Q - a blessed magic lamp (lit) S - a blessed magic flute (0:7) W - a blessed towel Gems N - a blessed luckstone Contents of the bag of holding: the [plastic] Amulet of Yendor an uncursed amulet of life saving an uncursed amulet of life saving 200 rustproof +6 arrows 87 blessed fireproof +7 elven arrows a +2 elven bow a blessed +4 elven dagger named Dagger of Honor an uncursed +0 mummy wrapping an uncursed +0 pair of levitation boots 26 blessed K-rations a blessed eucalyptus leaf 2 uncursed eucalyptus leaves 10 blessed lembas wafers 5 blessed lizard corpses an uncursed lizard corpse 7 uncursed sprigs of wolfsbane 6 blessed scrolls of blank paper a blessed scroll of charging 2 uncursed scrolls of charging a blessed scroll of genocide 5 blessed scrolls of gold detection 14 blessed scrolls of remove curse a blessed scroll of wishing an uncursed potion of confusion 14 blessed potions of full healing 7 potions of holy water a potion of unholy water an uncursed ring of conflict a wand of digging (0:7) a blessed wand of digging (0:6) a wand of digging (0:6) a wand of digging (0:6) a wand of digging (0:5) a wand of digging (0:5) an uncursed wand of digging [0:5] an uncursed wand of digging [0:4] an uncursed wand of digging [0:3] a wand of fire (0:8) a wand of teleportation (0:8) a can of grease (0:13) a fireproof magic marker (0:42) a magic marker (0:34) a magic marker (1:24) an uncursed [+0] pick-axe a blessed +0 unicorn horn a +0 unicorn horn a blessed -1 unicorn horn Spells and supernatural/magical abilities: Name Level Category Fail Memory e - charm monster 5 enchantment 100% 36% h - healing 1 healing 100% 36% j - jumping 1 escape 100% 36% l - light 1 divination 100% 68% p - protection 1 clerical 100% 35% t - teleport away 6 escape 100% 36% w - wizard lock 2 matter 100% 36% G - detect treasure 4 divination 100% 36% O - create monster 2 clerical 100% 36% R - restore ability 4 healing 100% 36% S - stone to flesh 3 healing 100% 36% W - pray for help -- divine ? -- Your skills at the end: Miscellaneous Skills shield [Skilled] wands [Basic] stealth [Expert] Weapon Skills dagger [Skilled] bow [Expert] Spellcasting Skills Final Attributes: You were piously aligned. You were fire resistant. You were cold resistant. You were sleep resistant. You were disintegration-resistant. You were shock resistant. You were poison resistant. You were magic-protected. You saw invisible. You were telepathic. You were warned. You had automatic searching. You had infravision. You were invisible to others. You were very stealthy. You had teleport control. You could fly. You regenerated. You were protected. You were very fast. You had reflection. You had free action. You were extremely lucky. You had extra luck. Good luck did not time out for you. You survived. Vanquished creatures: Baalzebub Dispater Orcus Juiblex The Wizard of Yendor (6 times) Death Famine (twice) a high priest 2 ancient red dragons 46 ancient white dragons 41 ancient orange dragons 47 ancient black dragons 40 ancient blue dragons 51 ancient green dragons 55 ancient yellow dragons 3 mammoths Vlad the Impaler Medusa a kraken 2 elder blue dragons a master lich a ki-rin 9 red dragons 7 white dragons 5 black dragons 11 blue dragons 2 green dragons 7 storm giants 7 deep ettins a glass golem 3 balrogs 9 purple worms 18 minotaurs 4 jabberwocks Scorpius 4 baluchitheria 3 Angels a young gray dragon 59 young red dragons 8 young white dragons 3 young black dragons 5 young blue dragons 2 young green dragons 2 demiliches 3 stone golems 36 master mind flayers 2 Olog-hai a Nazgul 10 pit fiends 4 sandestins 4 hell hounds 5 titanotheres 4 trappers 3 baby gray dragons a baby red dragon 25 baby blue dragons a gryphon a guardian naga 25 vampire lords 6 shades 5 skeletons 10 aligned priests 6 captains 4 liches 2 water trolls 3 clay golems 11 nurses 16 ice devils 4 nalfeshnees 4 lurkers above an Aleax 2 frost giants 5 golden nagas 2 black puddings 28 vampires 31 ghosts 6 ettins 11 lieutenants an archeologist a caveman 2 queen bees 6 winged gargoyles 2 mind flayers 19 giant mimics a fire giant 4 ogre kings an Elvenking 11 rock trolls 10 umber hulks a flesh golem 11 doppelgangers 22 hezrous 15 bone devils 4 salamanders 8 large mimics 2 wumpuses 7 fire vortices a baby long worm a baby purple worm 5 long worms 3 couatls 14 stalkers 4 air elementals 4 fire elementals an earth elemental 5 water elementals 5 giant mummies 2 black nagas 5 elf-lords 5 xorns 23 giant zombies 5 sergeants a barbed devil 20 vrocks 9 wargs 3 winter wolves 5 hell hound pups 8 quantum mechanics 16 small mimics 3 glass piercers 6 warhorses 9 steam vortices 13 xans 4 ettin mummies 2 ogre lords 40 trolls 3 wood golems an erinys 9 mariliths 4 sharks 4 pyrolisks 2 large dogs 2 freezing spheres 4 flaming spheres 7 shocking spheres 3 large cats 11 tigers 5 gargoyles a dwarf king 3 tengu 8 gelatinous cubes 8 ochre jellies 4 crocodiles 9 chameleons 8 leocrottas 2 energy vortices 24 mountain centaurs a giant 5 elf mummies 4 human mummies 3 red nagas 2 green slimes 2 Grey-elves 4 pit vipers 3 pythons 6 cobras 43 wraiths 15 ettin zombies 62 soldiers 19 succubi 13 incubi 10 giant beetles 19 cockatrices 7 wolves 4 winter wolf cubs 5 black lights 10 lynxes 4 panthers 3 gremlins 9 leprechauns 7 quivering blobs 5 spotted jellies 10 lizards an orc-captain 3 mumakil 7 giant spiders 23 scorpions 4 iron piercers 3 horses an ice vortex 9 vampire bats 40 forest centaurs 2 gnome kings 3 orc mummies 5 dwarf mummies an ogre 7 brown puddings 12 Green-elves a rust monster 14 owlbears 8 yetis a gold golem 12 werewolves 7 giant eels 6 hunters 8 chickatrices 3 dingos a housecat 4 jaguars 3 dwarf lords 10 blue jellies 2 white unicorns 3 gray unicorns 7 dust vortices 4 ravens 10 plains centaurs a gnome mummy 6 Woodland-elves 2 snakes 12 apes 23 human zombies 4 rope golems 14 soldier ants a fire ant a yellow light an imp a baby crocodile 2 wood nymphs 18 Mordor orcs 24 Uruk-hai 13 orc shamans 3 rock moles 4 rock piercers 3 ponies 3 fog clouds 2 shriekers a violet fungus 10 gnome lords 6 gnomish wizards 4 kobold mummies 2 red naga hatchlings 2 black naga hatchlings a guardian naga hatchling 5 gray oozes 4 barrow wights 17 elf zombies 15 ghouls 3 straw golems a paper golem 5 jellyfish 19 giant ants 5 puppies 6 floating eyes 4 kittens 17 dwarves a quasit a kobold lord 3 kobold shamans 13 iguanas 21 hill orcs 10 rothes 4 rabid rats a centipede 3 jitterbugs 9 giant bats 5 monkeys 16 orc zombies 16 dwarf zombies 3 wererats 4 werejackals 34 killer bees 10 coyotes 2 gas spores 8 hobbits 3 acid blobs 10 geckos 8 hobgoblins 11 giant rats 6 cave spiders 2 brown molds 5 yellow molds 5 green molds 7 red molds 47 gnomes 4 manes 22 gnome zombies 13 jackals 2 foxes 2 kobolds 10 newts 10 goblins 5 sewer rats 11 grid bugs 9 bats 10 lichens 16 kobold zombies 2378 creatures vanquished. Genocided species: hobbits dwarves bugbears dwarf lords dwarf kings quantum mechanics mind flayers master mind flayers wood nymphs water nymphs mountain nymphs island nymphs baby gray dragons baby silver dragons baby red dragons baby white dragons baby orange dragons baby black dragons baby blue dragons baby green dragons baby yellow dragons young gray dragons young silver dragons young red dragons young white dragons young orange dragons young black dragons young blue dragons young green dragons young yellow dragons gray dragons silver dragons red dragons white dragons orange dragons black dragons blue dragons green dragons yellow dragons elder gray dragons elder silver dragons elder red dragons elder white dragons elder orange dragons elder black dragons elder blue dragons elder green dragons elder yellow dragons ancient gray dragons ancient silver dragons ancient red dragons ancient white dragons ancient orange dragons ancient black dragons ancient blue dragons ancient green dragons ancient yellow dragons liches demiliches master liches arch-liches gray oozes brown puddings black puddings green slimes rust monsters disenchanters jellyfish piranhas sharks giant eels electric eels krakens 73 species genocided. Voluntary challenges: You did not cause conflict. You had been an atheist until turn 2976. You used a wielded weapon 443 times, starting on turn 866. You did not use plumbed fixtures. You read items or engraved 197 times, starting on turn 2974. You genocided 73 types of monsters, starting on turn 16474. You polymorphed 1 item, starting on turn 15473. You never changed form. You completed Sokoban on turn 6430, according to the rules. You used 10 wishes, starting on turn 15304. You wished for your your first artifact on turn 27180. You split 1 pudding, starting on turn 29250. You never wrote Elbereth's name. You violated your moral code, losing 13 points of alignment, starting on turn 14245. Dungeon overview: The Dungeons of Doom: levels 1 to 29 Level 1 (water) stairs to The Elemental Planes Level 2 (box) a general store stairs to The Gnomish Mines Level 3 Level 4 (water + box) a wand shop Level 5 some fountains Level 6 many fountains Level 7 (vault) some fountains stairs to Sokoban Level 8 a fountain Level 9 (water) a fountain Level 10 some fountains Level 11 a general store, an altar to Mars, some fountains Level 12 (quest) portal to The Quest Level 13 Level 14 Level 15 Level 16 (rogue) Level 17 Level 18 a fountain Level 19 an altar to Venus Level 20 (vault) an altar to Mars Level 21 a fountain Level 22 (vault) an altar to Venus Level 23 Level 24 (medusa) Level 25 Level 26 Level 27 Level 28 Level 29 a magic chest, a fountain Gehennom: levels 30 to 58 Level 30 (bell) a temple to Moloch, a magic chest stairs to The Dungeons of Doom Level 31 Level 32 (candelabrum) an altar to Moloch, a magic chest, many fountains, many benchs, many trees Level 33 Level 34 (baalzebub) a magic chest Level 35 Level 36 Level 37 Level 38 (juiblex) a fountain Level 39 stairs to Vlad's Tower Level 40 (orcus) some shops, an altar to Moloch, a magic chest Level 41 (dispater) a magic chest Level 42 Level 43 Level 44 Level 45 Level 46 (wizard + candelabrum) an altar to Moloch, a magic chest Level 47 Level 48 portal to Gehennom Level 49 Level 50 Level 51 Level 52 Level 53 Level 54 Level 55 Level 56 portal to Gehennom Level 57 Level 58 The Gnomish Mines: levels 3 to 10 Level 3 stairs to The Dungeons of Doom Level 4 Level 5 Level 6 many shops, a temple to Mercury, a magic chest, some fountains Level 7 Level 8 Level 9 Level 10 (black unicorn) many altars to Moloch, a magic chest, some fountains The Quest: levels 1 to 5 Level 1 a magic chest, many trees portal to The Dungeons of Doom Level 2 many trees Level 3 Level 4 Level 5 an altar to Mercury, many trees Sokoban: levels 3 to 6 Level 3 a magic chest Level 4 Level 5 a fountain Level 6 an altar to Mars, a magic chest stairs to The Dungeons of Doom Vlad's Tower: levels 36 to 38 Level 36 Level 37 an altar to Moloch Level 38 stairs to Gehennom The Elemental Planes: Astral Plane <- You were here some high altars Plane 4 portal to The Elemental Planes Plane 3 portal to The Elemental Planes Plane 2 portal to The Elemental Planes Plane 1 portal to The Elemental Planes History has recorded: On T:1 you entered the Dungeons of Doom to retrieve the Amulet of Yendor! On T:195 you reached level 2 of The Dungeons of Doom. On T:396 you reached level 3 of The Dungeons of Doom. On T:463 you reached level 1 of The Gnomish Mines. On T:464 you advanced to experience level 2. On T:829 you advanced to experience level 3. On T:916 you reached level 4 of The Dungeons of Doom. On T:1025 you advanced to experience level 4. On T:1233 you reached level 5 of The Dungeons of Doom. On T:1494 you advanced to experience level 5. On T:1536 you reached level 6 of The Dungeons of Doom. On T:1926 you reached level 7 of The Dungeons of Doom. On T:2039 you advanced to experience level 6. On T:2711 you reached level 8 of The Dungeons of Doom. On T:2842 you reached level 4 of Sokoban. On T:2971 you opened a magic chest. On T:3325 you reached level 3 of Sokoban. On T:3326 you advanced to experience level 7. On T:3918 you reached level 2 of Sokoban. On T:4427 you reached level 1 of Sokoban. On T:6430 you advanced to experience level 8. On T:6430 you entered the Sokoban zoo. On T:7044 you reached level 2 of The Gnomish Mines. On T:7846 you reached level 3 of The Gnomish Mines. On T:8280 you reached level 4 of The Gnomish Mines. On T:8933 you advanced to experience level 9. On T:8966 you entered the Minetown temple On T:9370 you reached level 5 of The Gnomish Mines. On T:9863 you reached level 6 of The Gnomish Mines. On T:10189 you reached level 7 of The Gnomish Mines. On T:10549 you prayed to Mars. On T:11318 you reached level 8 of The Gnomish Mines. On T:11318 you reached the bottom of the Mines. On T:12099 you advanced to experience level 10. On T:13573 you reached level 9 of The Dungeons of Doom. On T:14294 you reached level 10 of The Dungeons of Doom. On T:14937 you reached level 11 of The Dungeons of Doom. On T:15064 you reached level 12 of The Dungeons of Doom. On T:15304 you wished for "+3 blessed fixed greased gray dragon scale mail". On T:16286 you prayed to Mars. On T:16477 you wished for "+3 blessed fixed greased cloak of protection". On T:16477 you wished for "blessed fixed greased ring of free action". On T:16478 you wished for "+3 blessed fixed greased gauntlets of power". On T:16640 you reached level 13 of The Dungeons of Doom. On T:16899 you reached level 14 of The Dungeons of Doom. On T:17088 you reached level 15 of The Dungeons of Doom. On T:17428 you reached level 16 of The Dungeons of Doom. On T:17428 you entered the Rogue tribute level. On T:17986 you reached level 18 of The Dungeons of Doom. On T:18304 you advanced to experience level 11. On T:18639 you reached level 19 of The Dungeons of Doom. On T:19005 you reached level 20 of The Dungeons of Doom. On T:19074 you reached level 21 of The Dungeons of Doom. On T:19144 you advanced to experience level 12. On T:19813 you reached level 22 of The Dungeons of Doom. On T:19867 you reached level 23 of The Dungeons of Doom. On T:20316 you reached level 24 of The Dungeons of Doom. On T:21785 you advanced to experience level 13. On T:21785 you advanced to experience level 14. On T:21898 you reached level 1 of The Quest. On T:22083 you embarked upon an epic quest. On T:22215 you reached level 2 of The Quest. On T:22716 you reached level 5 of The Quest. On T:22913 you prayed to Mars. On T:22954 you killed Scorpius on level 5 of The Quest. On T:23291 you completed the quest! On T:24372 you killed Medusa on level 24 of The Dungeons of Doom. On T:24419 you reached level 25 of The Dungeons of Doom. On T:24555 you reached level 26 of The Dungeons of Doom. On T:24860 you reached level 27 of The Dungeons of Doom. On T:25381 you reached level 28 of The Dungeons of Doom. On T:25771 you reached The Castle. On T:26631 you reached The Valley of the Dead. On T:26997 you advanced to experience level 15. On T:27180 you wished for "blessed fixed the master key of thievery". On T:27180 you wished for "blessed fixed amulet of flying". On T:27335 you reached level 3 of Gehennom. On T:27613 you reached level 4 of Gehennom. On T:27913 you reached level 5 of Gehennom. On T:28143 you killed Baalzebub on level 5 of Gehennom. On T:28311 you reached level 6 of Gehennom. On T:28663 you reached level 7 of Gehennom. On T:28814 you reached level 8 of Gehennom. On T:28980 you reached level 9 of Gehennom. On T:29326 you reached level 10 of Gehennom. On T:29410 you killed Juiblex on level 9 of Gehennom. On T:29602 you reached level 11 of Gehennom. On T:29608 you reached level 3 of Vlad's Tower. On T:29692 you reached level 2 of Vlad's Tower. On T:29773 you reached level 1 of Vlad's Tower. On T:29849 you killed Vlad the Impaler on level 1 of Vlad's Tower. On T:29881 you wished for "+3 blessed fixed greased helm of brilliance". On T:30177 you advanced to experience level 16. On T:30178 you advanced to experience level 17. On T:30178 you advanced to experience level 18. On T:30179 you advanced to experience level 19. On T:30179 you advanced to experience level 20. On T:30180 you advanced to experience level 21. On T:30180 you advanced to experience level 22. On T:30181 you advanced to experience level 23. On T:30181 you advanced to experience level 24. On T:30182 you advanced to experience level 25. On T:30182 you advanced to experience level 26. On T:30191 you wished for "uncursed fixed magic marker". On T:30811 you reached level 12 of Gehennom. On T:30946 you killed Orcus on level 11 of Gehennom. On T:31248 you killed Dispater on level 11 of Gehennom. On T:31529 you reached level 13 of Gehennom. On T:31908 you reached level 15 of Gehennom. On T:32067 you reached level 16 of Gehennom. On T:32139 you reached level 17 of Gehennom. On T:32424 you reached level 18 of Gehennom. On T:32510 you reached level 19 of Gehennom. On T:32565 you reached level 20 of Gehennom. On T:32645 you reached level 21 of Gehennom. On T:34120 you wished for "blessed fixed ring of teleport control". On T:34121 you advanced to experience level 27. On T:34122 you advanced to experience level 28. On T:34122 you advanced to experience level 29. On T:34123 you advanced to experience level 30. On T:34125 you reached level 28 of Gehennom. On T:34248 you reached level 27 of Gehennom. On T:34868 you reached level 26 of Gehennom. On T:34871 you reached level 25 of Gehennom. On T:34915 you reached level 24 of Gehennom. On T:34933 you reached level 23 of Gehennom. On T:34944 you reached level 22 of Gehennom. On T:35378 you wished for "blessed fixed figurine of an archon". On T:35423 you killed Wizard of Yendor on level 17 of Gehennom. On T:35491 you killed Wizard of Yendor on level 19 of Gehennom. On T:35654 you performed the invocation. On T:35734 you killed high priestess of Moloch on level 29 of Gehennom. On T:35736 you gained the Amulet of Yendor! On T:35844 you killed Wizard of Yendor on level 25 of Gehennom. On T:36519 you reached the Plane of Earth. On T:36520 you killed Wizard of Yendor on the Plane of Earth. On T:36538 you reached the Plane of Air. On T:36559 you reached the Plane of Fire. On T:36576 you reached the Plane of Water. On T:36585 you lost the Amulet of Yendor. On T:36585 you killed Wizard of Yendor on the Plane of Water. On T:36589 you killed Wizard of Yendor on the Plane of Water. On T:36599 you gained the Amulet of Yendor! On T:36622 you reached the Astral Plane. On T:36631 you killed Famine on the Astral Plane. On T:36648 you killed Famine on the Astral Plane. On T:36664 you killed Death on the Astral Plane. On T:36687 you lost the Amulet of Yendor. On T:36687 you offered the Amulet of Yendor to Mars and ascended to the status of Demigoddess! Score breakdown: Gold: 0 ( 0 points) Experience: 30 levels ( 2000 points) Exploration: 58 levels ( 2000 points) Discoveries: 127 items ( 2000 points) Variety of kills: 286 monsters ( 2000 points) Major goal: ascended ( 5000 points) Ascension bonuses Valuables value: 450 ( 45 points) Artifacts: 2 ( 2000 points) Speed bonus: 36687 turns ( 3165 points) Conduct bonus: 3 conducts ( 4900 points) Survival: ascended (score multiplied by 10) Total score: 231100 Latest messages: The gryphon misses. (3x) The Angel of Mercury swings his long sword at you. The Angel of Mercury misses. The Angel of Mercury swings his long sword at you. The Angel of Mercury misses. (2x) The Angel of Mercury casts a spell at you! A shower of missiles bounces off the ranger! The priest of Venus swings his mace at you. The priest of Venus hits you! The priest of Venus kicks! The priest of Venus casts a spell at you! A sudden geyser slams into you from nowhere! The priest of Moloch casts a spell at the Archon! L - 4 blessed fireproof +7 elven arrows (in quiver). The Aleax hurls a potion of acid! The potion of acid misses Olaf the invisible Magsman. The flask crashes on your head and breaks into shards. This burns! Olaf the invisible Magsman bumps right into you! The Angel of Mercury picks up a greased bullwhip. You hear a mumbled curse. You offer the Amulet of Yendor to Mars... An invisible choir sings, and you are bathed in radiance... The voice of Mars booms: "Congratulations, mortal!" "In return for thy service, I grant thee the gift of Immortality!" You ascend to the status of Demigoddess... Final status: Goodbye woodfighter the Demigoddess, ascended... You went to your reward with 231100 points, The Longbow of Diana (worth 4000 zorkmids) The Master Key of Thievery (worth 3500 zorkmids) 2 amulets of life saving (worth 300 zorkmids), 1 amulet of flying (worth 150 zorkmids), 1 cheap plastic imitation of the Amulet of Yendor (worth 0 zorkmids), and 0 pieces of gold, after 36687 moves. You were level 30 with a maximum of 183 hit points when you ascended.